 Dungeon Crawl Stone Soup version 0.21.1-1-g345015fe64 (webtiles) character file.

693 Freyura the Slasher (level 7, -6/66 HPs)
             Began as a Naga Fighter on May 26, 2018.
             Killed from afar by an electric eel (11 damage)
             ... with a bolt of electricity
             ... on level 3 of the Dungeon.
             The game lasted 00:14:44 (3700 turns).

Freyura the Slasher (Naga Fighter)                  Turns: 3700, Time: 00:14:44

Health: -6/66      AC:  5    Str: 18    XL:     7   Next: 64%
Magic:  7/7        EV:  6    Int:  9    God:
Gold:   235        SH:  8    Dex: 12    Spells: 6/6 levels left

rFire    . . .     SeeInvis +   u - +0 long sword
rCold    . . .     Gourm    .   c - +0 shield
rNeg     . . .     Faith    .   b - +0 scale mail
rPois    +         Spirit   .   (no helmet)
rElec    .         Reflect  .   (no cloak)
rCorr    .         Harm     .   (no gloves)
MR       .....                  (no barding)
Stlth    ..........             k - amulet of regeneration
HPRegen  0.61/turn              (no ring)
MPRegen  0.10/turn              (no ring)

@: very slow
A: large, see invisible, deformed body, poison resistance, slowness 2, slow
metabolism 1, spit poison 1, AC +2
a: Spit Poison


You were on level 3 of the Dungeon.
You were not hungry.

You visited 1 branch of the dungeon, and saw 4 of its levels.

You collected 235 gold pieces.

Inventory:

Hand Weapons
 a - a +0 long sword
 u - a +0 long sword (weapon)
Armour
 b - a +0 scale mail (worn)
 c - a +0 shield (worn)
Jewellery
 j - an uncursed amulet of faith
 k - an amulet of regeneration (around neck)
Wands
 n - a wand of paralysis (17)
 y - a wand of flame (35)
Scrolls
 d - 2 scrolls of fog
 h - 4 scrolls of teleportation
 m - 2 scrolls of remove curse
 r - a scroll of magic mapping
 s - a scroll of identify
 w - a scroll of amnesia
Potions
 e - 2 potions of lignification
 g - 2 potions of magic
 i - a potion of ambrosia {unknown}
 l - a potion of heal wounds {unknown}
 o - a potion of cancellation {unknown}
 p - a potion of resistance {unknown}
 q - a potion of agility {unknown}
 x - a potion of curing {unknown}
 z - a potion of degeneration {unknown}
Books
 t - a book of Conjurations

   Spells                             Type                      Level
   a - Magic Dart                     Conjuration                  1
   b - Searing Ray                    Conjuration                  2
   c - Dazzling Spray                 Conjuration/Hexes            3
   d - Fulminant Prism                Conjuration/Hexes            4
   e - Force Lance                    Conjuration/Translocation    4
   f - Iskenderun's Mystic Blast      Conjuration                  4
 v - a book of Misfortune

   Spells                             Type                      Level
   a - Confusing Touch                Hexes                        1
   b - Confuse                        Hexes                        3
   c - Gell's Gravitas                Translocation                3
   d - Petrify                        Transmutation/Earth          4
   e - Metabolic Englaciation         Hexes/Ice                    5
   f - Yara's Violent Unravelling     Hexes/Transmutation          5
Comestibles
 f - 2 rations


   Skills:
 + Level 4.9 Fighting
 * Level 6.1 Long Blades
 - Level 2.4 Armour
 + Level 3.1 Dodging
 - Level 2.4 Shields


You had 6 spell levels left.
You didn't know any spells.

Dungeon Overview and Level Annotations

Branches:
Dungeon (4/15)
 Temple: D:4-7

Altars:
Fedhas
Nemelex Xobeh
Qazlal
Ru
Trog
Vehumet

Annotations:
D:3 1 transporter


Innate Abilities, Weirdness & Mutations

You cannot wear boots.
Your serpentine skin is tough. (AC +2)
You have supernaturally acute eyesight. (SInv)
Armour fits poorly on your strangely shaped body.
Your system is resistant to poisons. (rPois)
You cover ground very slowly.
You have a slow metabolism.
You can spit poison.


Message History

The bolt of electricity hits you!
* * * LOW HITPOINT WARNING * * *
You hit the electric eel.
The electric eel is moderately wounded.
You closely miss the electric eel.
The electric eel is moderately wounded.
You barely miss the electric eel.
The electric eel is moderately wounded.
The electric eel shoots out a bolt of lightning at you!
The bolt of electricity hits you!
* * * LOW HITPOINT WARNING * * *
The bolt of electricity hits the electric eel.
The electric eel completely resists.
The bolt of electricity hits the electric eel.
The electric eel completely resists.
The electric eel shoots out a bolt of lightning at you!
The bolt of electricity hits you!
* * * LOW HITPOINT WARNING * * *
The bolt of electricity hits you!
You die...

#.............##.###.#######
#.#.#########......#.......#
#.#.# ##.#.#.#######.# #.#.#
####....#.# #.# #(#.#
#....©....# #.# #.#.#
#.#######.# #.# #(#.##
#.#8§§§8#.# #.# #.#..#
#.#P§§§P#.# #.# ###[(#.##
#.###@###.# #.# ....###.##
#)#≈§§.;#.## #.# ##.##
##.###.#;...≈#..# #.# #.##
##....#≈.=.≈#..# #.# #..##
##.###.#≈.⌠.≈#..# #.##
#.#.###.##
#.#≈...≈#..######..#
#.##.#.##
#.#≈...≈#......###>#
#.###..# #.#≈...≈#..###>#
#.# #.####.#####.###+###.>#
#.# #.#


You could see 2 electric eels.

Vanquished Creatures
  Sigmund (D:3)
  2 ogres (D:4)
  A scorpion (D:4)
  4 orc wizards (D:4)
  An iguana (D:4)
  A worker ant (D:4)
  3 adders
  3 gnolls (D:4)
  An ooze (D:1)
  2 worms
  3 dart slugs
  6 leopard geckos
  9 orcs
  5 bats
  9 goblins
  11 hobgoblins
  6 jackals
  4 quokkas
  5 frilled lizards (D:2)
  8 kobolds
  A leopard gecko skeleton (D:4)
  6 rats
92 creatures vanquished.

Notes
Turn   | Place    | Note
-------+----------+-------------------------------------------
     0 | D:1      | Freyura the Naga Fighter began the quest for the Orb.
     0 | D:1      | Reached XP level 1. HP: 21/21 MP: 1/1
   287 | D:1      | Reached XP level 2. HP: 14/28 MP: 2/2
   617 | D:1      | You fall through a shaft!
   716 | D:2      | Found a sparkling altar of Nemelex Xobeh.
   731 | D:2      | Reached XP level 3. HP: 27/34 MP: 3/3
   799 | D:2      | Reached skill level 3 in Long Blades
   801 | D:2      | Reached skill level 1 in Dodging
  1689 | D:1      | Reached XP level 4. HP: 42/42 MP: 4/4
  1952 | D:3      | Found a transporter.
  1964 | D:3      | Found a transporter.
  2049 | D:3      | Found a blossoming altar of Fedhas.
  2247 | D:3      | Found a bloodstained altar of Trog.
  2274 | D:3      | Noticed Sigmund
  2278 | D:3      | Killed Sigmund
  2278 | D:3      | Reached skill level 4 in Long Blades
  2278 | D:3      | Reached XP level 5. HP: 45/50 MP: 5/5
  2278 | D:3      | Reached XP level 6. HP: 51/57 MP: 6/6
  2418 | D:3      | Found a radiant altar of Vehumet.
  2766 | D:3      | Found a sacrificial altar of Ru.
  2905 | D:4      | Reached skill level 5 in Long Blades
  2986 | D:4      | Found a stormy altar of Qazlal.
  3198 | D:4      | Reached XP level 7. HP: 47/66 MP: 7/7
  3548 | D:4      | Reached skill level 6 in Long Blades
  3700 | D:3      | Killed from afar by an electric eel

Skill      XL: |  1  2  3  4  5  6  7 |
---------------+----------------------+-----
Long Blades    | 3 4 5 6 |  6.1
Dodging        | 1 2 3 |  3.1
Fighting       | 4 |  4.9
Armour         | |  2.4
Shields        | |  2.4

Action                   |  1- 3 |  4- 6 |  7- 9 || total
-------------------------+-------+-------+-------++-------
Melee: Long sword        |   167 |   133 |    88 ||   388
 Abil: Spit Poison       |       |     1 |     2 ||     3
  Use: Scroll            |     1 |     4 |     4 ||     9
       Potion            |       |     2 |       ||     2
  Eat: Ration            |     1 |     2 |       ||     3
Armor: Scale mail        |    77 |    32 |    20 ||   129
Dodge: Dodged            |    30 |    23 |    17 ||    70
Block: Shield            |    97 |    50 |    33 ||   180
       Rpst.: Long sword |    13 |     6 |     3 ||    22
